 Dungeon Crawl Stone Soup version 0.21.1-1-g345015f (console) character file.

123 fly the Conjurer (level 4, -7/20 HPs)
             Began as a Felid Conjurer on Apr 30, 2018.
             Mangled by an ogre
             ... wielding a +0 giant spiked club
              (27 damage)
             ... on level 4 of the Dungeon.
             The game lasted 00:05:55 (3813 turns).

fly the Conjurer (Felid Conjurer)                   Turns: 3813, Time: 00:05:56

Health: -7/20      AC:  1    Str:  5    XL:     4   Next: 80%
Magic:  8/8        EV: 18    Int: 16    God:
Gold:   146        SH:  0    Dex: 17    Spells: 0/7 levels left
                                        Lives:  0   Deaths: 1

rFire    . . .     SeeInvis +     - Unarmed
rCold    . . .     Gourm    .   (shield unavailable)
rNeg     . . .     Faith    .   (armour unavailable)
rPois    .         Spirit   .   (helmet unavailable)
rElec    .         Reflect  .   (cloak unavailable)
rCorr    .         Harm     .   (gloves unavailable)
MR       .....                  (boots unavailable)
Stlth    +++.......             (no amulet)
HPRegen  0.06/turn              (no ring)
MPRegen  0.11/turn              (no ring)

@: quick
A: very small, no armour, no weapons or thrown items, stealth, claws 1, fangs 3,
see invisible, carnivore, speed 1, shaggy fur 1, slow metabolism 1, sharp paws
a: no special abilities


You were on level 4 of the Dungeon.
You were not hungry.

You visited 1 branch of the dungeon, and saw 4 of its levels.

You collected 146 gold pieces.

Inventory:

Scrolls
 e - 5 scrolls of enchant armour {unknown}
 f - 4 scrolls of identify {unknown}
 g - a scroll of blinking {unknown}
 h - a scroll of amnesia {unknown}
 j - a scroll of magic mapping {unknown}
 k - 2 scrolls of teleportation {unknown}
 l - a scroll of immolation {unknown}
 o - a scroll of remove curse {unknown}
Potions
 c - 2 potions of curing {unknown}
 d - a potion of invisibility {unknown}
 i - 2 potions of degeneration {unknown}
 m - 2 potions of heal wounds {unknown}
Books
 a - a book of Conjurations

   Spells                             Type                      Level
   a - Magic Dart                     Conjuration                  1
   b - Searing Ray                    Conjuration                  2
   c - Dazzling Spray                 Conjuration/Hexes            3
   d - Fulminant Prism                Conjuration/Hexes            4
   e - Force Lance                    Conjuration/Translocation    4
   f - Iskenderun's Mystic Blast      Conjuration                  4
Comestibles
 b - 5 rations


   Skills:
 + Level 2.9 Fighting
 - Level 3.0 Dodging
 - Level 2.6 Stealth
 + Level 2.9 Unarmed Combat
 - Level 2.0 Spellcasting
 - Level 4.5 Conjurations


You couldn't memorise any spells.
You knew the following spells:

 Your Spells              Type           Power        Failure   Level  Hunger
l - Fulminant Prism       Conj/Hex       #.........   63%         4    #####..
s - Searing Ray           Conj           ###...       4%          2    ###....
z - Magic Dart            Conj           ###.         3%          1    #......


Dungeon Overview and Level Annotations

Branches:
Dungeon (4/15)
 Temple: D:4-7

Altars:
Dithmenos
Makhleb
Uskayaw
Vehumet
The Shining One


Innate Abilities, Weirdness & Mutations

You cannot wear armour.
You are incapable of wielding weapons or throwing items.
Your paws allow you to move quietly. (Stealth)
You have sharp claws.
You have razor-sharp teeth.
You have supernaturally acute eyesight. (SInv)
You are carnivorous and can eat meat at any time.
You cover ground quickly.
You are covered in fur. (AC +1)
You have a slow metabolism.
Your sharp claws are effective at attacking unaware monsters.


Message History

The orc is moderately wounded.
The orc barely misses you.
You scratch the orc.
The orc is heavily wounded.
You scratch the orc.
You kill the orc!
Things that are here:
a flail of crushing; a scale mail You now have 146 gold pieces (gained 18).
Magic restored.
An ogre comes into view. It is wielding a giant spiked club.
Found a blue potion.
An ogre is nearby!
An ogre is nearby!
You pounce on the unaware helpless ogre!
You claw the ogre!
The ogre is severely wounded.
The ogre hits you with a giant spiked club!!
Ouch! That really hurt!
You die...

... #.. ##.. #######
#########+#
....##..##.###.....!....
.....<.......#..........
##...........#..........
#..)........#..........
#...........#..........
#..##..#...##..@O......
#.. #####.....#########
#.. #.....# #.. #.<...#
### #.....# #.....#
#####.. #... #....


You could see an ogre.

Vanquished Creatures
  A crimson imp (D:3)
  A hound (D:3)
  5 adders
  3 worms
  2 dart slugs (D:1)
  3 leopard geckos (D:2)
  7 orcs
  2 giant cockroaches
  5 goblins
  13 hobgoblins
  7 jackals
  A quokka (D:2)
  4 ball pythons
  7 bats
  5 frilled lizards
  2 kobolds
  A quokka skeleton (D:3)
  7 rats
76 creatures vanquished.

Notes
Turn   | Place    | Note
-------+----------+-------------------------------------------
     0 | D:1      | fly the Felid Conjurer began the quest for the Orb.
     0 | D:1      | Reached XP level 1. HP: 7/7 MP: 4/4
   167 | D:1      | Reached XP level 2. HP: 10/11 MP: 6/6
   187 | D:1      | Reached skill level 4 in Conjurations
   835 | D:2      | Found a shadowy altar of Dithmenos.
   924 | D:2      | Reached XP level 3. HP: 8/14 MP: 0/7
  1250 | D:2      | Learned a level 2 spell: Searing Ray
  1384 | D:2      | Reached skill level 1 in Fighting
  1384 | D:2      | Reached skill level 1 in Unarmed Combat
  1496 | D:2      | Reached XP level 4. HP: 19/19 MP: 0/8
  2021 | D:3      | Reached XP level 5. HP: 13/22 MP: 7/9
  2149 | D:3      | Found a hide-covered altar of Uskayaw.
  2158 | D:3      | Noticed a dagger
  2158 | D:3      | Noticed a hand axe
  2209 | D:3      | Learned a level 4 spell: Fulminant Prism
  2251 | D:3      | Found a glowing golden altar of the Shining One.
  2758 | D:3      | Found a burning altar of Makhleb.
  2759 | D:3      | Found a radiant altar of Vehumet.
  2772 | D:3      | Slain by an orc
  2773 | D:3      | Reached XP level 4. HP: 0/20 MP: 0/8
  3342 | D:3      | HP: 1/20 [crimson imp (4)]
  3808 | D:4      | Noticed an ogre
  3813 | D:4      | Mangled by an ogre

Skill      XL: |  1  2  3  4 |
---------------+-------------+-----
Dodging        | 3 |  3.0
Conjurations   | 4 |  4.5
Fighting       | 1 2 |  2.9
Unarmed Combat | 1 2 |  2.9
Stealth        | |  2.6
Spellcasting   | |  2.0

Action                   |  1- 3 |  4- 6 || total
-------------------------+-------+-------++-------
Melee: Unarmed           |    79 |   153 ||   232
       Bite              |    12 |    11 ||    23
 Cast: Magic Dart        |    51 |    71 ||   122
       Searing Ray       |     1 |     2 ||     3
 Stab: Sleeping          |     5 |     7 ||    12
  Eat: Chunk             |     9 |     3 ||    12
Armor: Skin              |     2 |     6 ||     8
Dodge: Dodged            |    66 |   132 ||   198
